 Dungeon Crawl Stone Soup version 0.14-a0-181-gf6fe0c6 (webtiles) character file.

545 Malachi the Vexing (level 6, -1/41 HPs)
             Began as a Vampire Enchanter on Oct 6, 2013.
             Was an Initiate of Ashenzari.
             Slain by a centaur (8 damage)
             ... on Level 5 of the Dungeon.
             The game lasted 00:10:21 (6281 turns).

Malachi the Vexing (Vampire Enchanter)              Turns: 6281, Time: 00:10:21

HP  -1/41        AC 10     Str  7      XL: 6   Next: 57%
MP   0/11        EV 14     Int 19      God: Ashenzari [......]
Gold 138         SH  0     Dex 14      Spells:  3 memorised,  2 levels left

Res.Fire  : + . .   See Invis. : +   a - +1,+2 dagger (curse)
Res.Cold  : + + .   Warding    : .   b - +1 robe
Life Prot.: + + +   Conserve   : .   (no shield)
Res.Poison: +       Res.Corr.  : .   (no helmet)
Res.Elec. : .       Clarity    : .   r - +0 cloak
Sust.Abil.: . .     Spirit.Shd : .   u - +0 pair of gloves
Res.Mut.  : .       Stasis     : .   (no boots)
Res.Rott. : +       Flight     : .   (no amulet)
Saprovore : . . .                    e - ring of protection from fire
                                     o - +5 ring of protection

@: regenerating slowly, slightly resistant to hostile enchantments, very
stealthy
A: bottle blood, fangs 3, see invisible, unbreathing
a: Bat Form, Bottle Blood, Renounce Religion


You were on level 5 of the Dungeon.
You worshipped Ashenzari.
Ashenzari was noncommittal.
You were near bloodless.

You visited 2 branches of the dungeon, and saw 6 of its levels.

You collected 118 gold pieces.

Inventory:

Hand weapons
 a - a cursed +1,+2 dagger (weapon)
Missiles
 d - 12 darts (quivered)
Armour
 b - a +1 robe (worn)
 r - a +0 cloak (worn)
 u - a +0 pair of gloves (worn)
Scrolls
 h - 3 scrolls of remove curse
 i - a scroll of enchant weapon II
 q - 4 scrolls of teleportation
 s - a scroll of amnesia
 t - a scroll of random uselessness {unknown}
 v - 4 scrolls of identify
Jewellery
 e - a ring of protection from fire (right hand)
 f - an uncursed ring of sustenance
 k - a +2 ring of strength
 o - a +5 ring of protection (left hand)
Potions
 g - 4 potions of curing
 l - a potion of speed
 m - a potion of agility
 n - a potion of mutation {unknown}
Books
 c - a book of Maledictions

   Spells                             Type                      Level
   *Corona                            Hexes                        1
   Sure Blade                         Hexes/Charms                 2
   *Ensorcelled Hibernation           Hexes/Ice                    2
   *Confuse                           Hexes                        3
   Enslavement                        Hexes                        4
   Invisibility                       Hexes                        6
Magical staves
 p - an uncursed staff of cold


   Skills:
 + Level 0.3 Fighting
 + Level 1.7 Short Blades
 + Level 0.7 Throwing
 + Level 4.1 Dodging
 + Level 6.2 Stealth
 + Level 1.9 Spellcasting
 * Level 7.0 Hexes
 - Level 1.2 Ice Magic


You had 2 spell levels left.
You knew the following spells:

 Your Spells              Type           Power        Failure   Level  Hunger
a - Corona                Hex            ####...      1%          1    #......
b - Ensorcelled Hibernat  Hex/Ice        ###...       6%          2    ##.....
c - Confuse               Hex            ####....     3%          3    ####...


Dungeon Overview and Level Annotations

Branches:
Dungeon (5/27)             Temple (1/1) D:4

Altars:
Ashenzari
Cheibriados
Elyvilon
Kikubaaqudgha
Makhleb
Nemelex Xobeh
Okawaru
Sif Muna
Trog
Vehumet
Xom
Yredelemnul
Zin
the Shining One


Innate Abilities, Weirdness & Mutations

You heal slowly.
You can bottle blood from corpses.
You have razor-sharp teeth.*
You have supernaturally acute eyesight.
You can survive without breathing.*


Message History

You hit the centaur.
The centaur is heavily wounded.
The centaur hits you.
* * * LOW HITPOINT WARNING * * *
You hit the centaur but do no damage.
The centaur is heavily wounded.
The centaur hits you.
* * * LOW HITPOINT WARNING * * *
The centaur hits you but does no damage.
Casting: Confuse
Confirm with . or Enter, or press ? or * to list all spells.
Aiming: Ensorcelled Hibernation
Press: ? - help, Shift-Dir - straight line, f - centaur
Aim: a centaur (heavily wounded)
The centaur struggles to resist.
The centaur barely misses you.
You barely miss the centaur.
The centaur is heavily wounded.
The centaur hits you but does no damage.
The centaur hits you!
You die...

##)##.## ##.......## ##.##.#
#......# ##.....## #......
#..###.######......# #.....#
#..##.........#'##.# #.)...#
## #...#..#####(.#.##.#
#....## .# #.#.#..#
#..#.##)#####.#.### .#
#.#.#..#####..#...............
.#
#.#...........c....###########
.# #......#####.@.....# .#
#####.## #.....#.# .#
#.######.......# .#
#.......[##.#### .#
###########.# ## #.# #.# #.#
#.# ######


You could see a centaur.

Vanquished Creatures
  A goliath beetle (D:5)
  2 scorpions
  A giant frog skeleton (D:4)
  An iguana (D:5)
  4 worker ants
  Terence (D:2)
  3 gnolls (D:2)
  4 adders
  A worm (D:3)
  5 giant geckos
  6 orcs
  3 ball pythons
  11 bats
  3 giant cockroaches
  15 goblins
  8 hobgoblins
  8 kobolds
  3 quokkas
  6 giant newts
  An orc skeleton (D:5)
  8 rats
95 creatures vanquished.

Notes
Turn   | Place    | Note
--------------------------------------------------------------
     0 | D:1      | Malachi, the Vampire Enchanter, began the quest for the Orb.
     0 | D:1      | Reached XP level 1. HP: 13/13 MP: 4/4
   167 | D:1      | Reached XP level 2. HP: 13/19 MP: 5/5
   199 | D:1      | Learned a level 2 spell: Ensorcelled Hibernation
   203 | D:1      | Reached skill level 5 in Hexes
  1047 | D:2      | Reached XP level 3. HP: 11/24 MP: 1/6
  1573 | D:2      | Reached XP level 4. HP: 22/30 MP: 5/8
  2020 | D:2      | Noticed Terence
  2024 | D:2      | Killed Terence
  2356 | D:3      | Reached skill level 6 in Hexes
  2517 | D:3      | Reached XP level 5. HP: 35/35 MP: 3/9
  3054 | D:4      | Found an ancient bone altar of Kikubaaqudgha.
  3063 | D:4      | Reached skill level 5 in Stealth
  3143 | D:4      | Found a staircase to the Ecumenical Temple.
  3360 | D:4      | Reached skill level 1 in Ice Magic
  3637 | D:4      | Found a radiant altar of Vehumet.
  3637 | D:4      | Found a glowing silver altar of Zin.
  3711 | D:4      | Reached XP level 6. HP: 41/41 MP: 11/11
  3958 | D:4      | Learned a level 3 spell: Confuse
  4006 | Temple   | Entered the Ecumenical Temple
  4135 | Temple   | Became a worshipper of Ashenzari the Shackled
  4376 | D:5      | Entered Level 5 of the Dungeon
  4457 | D:5      | Found a snail-covered altar of Cheibriados.
  4528 | D:5      | Found a sparkling altar of Nemelex Xobeh.
  4528 | D:5      | Found a glowing golden altar of the Shining One.
  5988 | D:5      | Reached skill level 7 in Hexes
  6281 | D:5      | Slain by a centaur

Action                   |  1- 3 |  4- 6 || total
-------------------------+-------+-------++-------
Melee: Dagger            |    81 |   285 ||   366
 Cast: Ensorcelled Hiber |     7 |    35 ||    42
       Confuse           |       |    11 ||    11
  Use: Scroll            |       |    13 ||    13
 Stab: Sleeping          |     9 |    32 ||    41
       Distracted        |       |     1 ||     1
       Confused          |       |     1 ||     1
